 Dungeon Crawl Stone Soup version 0.18.1-50-g88ac8fd (console) character file.

38 Homage the Sneak (level 3, 0/16 HPs)
             Began as a Spriggan Enchanter on Feb 23, 2018.
             Succumbed to Sigmund's poison
             ... on level 3 of the Dungeon.
             The game lasted 00:05:04 (1368 turns).

Homage the Sneak (Spriggan Enchanter)               Turns: 1368, Time: 00:05:04

Health: 0/16       AC: 12    Str:  4    XL:     3   Next: 25%
Magic:  8/8        EV: 18    Int: 17    God:
Gold:   68         SH:  0    Dex: 16    Spells: 3 memorised, 1 level left

rFire  . . .     SeeInvis +     a - +0 dagger (protect)
rCold  . . .     Gourm    .     i - +1 robe
rNeg   . . .     Faith    .     (shield restricted)
rPois  .         Spirit   .     (helmet restricted)
rElec  .         Dismiss  .     (no cloak)
rCorr  .         Reflect  .     (gloves unavailable)
SustAt .         Harm     .     (boots unavailable)
MR     .....                    (no amulet)
Stlth  ++++......               (no ring)
                                h - +4 ring of protection

@: lethally poisoned (0 -> -4), very quick, not resistant to hostile
enchantments, stealthy
A: unfitting armour, see invisible, herbivore 3, speed 3, slow metabolism 2
a: no special abilities


You were on level 3 of the Dungeon.
You were not hungry.

You visited 1 branch of the dungeon, and saw 3 of its levels.

You collected 68 gold pieces.


Innate Abilities, Weirdness & Mutations

You are tiny and cannot use many weapons and most armour.
You have supernaturally acute eyesight.
You are a herbivore.
You cover ground extremely quickly.
You need consume almost no food.


   Skills:
 - Level 1.1 Short Blades
 - Level 3.0 Dodging
 + Level 6.7 Stealth
 - Level 2.6 Spellcasting
 - Level 3.6 Hexes


You had one spell level left.
You knew the following spells:

 Your Spells              Type           Power        Failure   Level  Hunger
a - Confuse               Hex            ##......     14%         3    ###....
e - Ensorcelled Hibernat  Hex/Ice        #.....       17%         2    ##.....
Z - Corona                Hex            ##.....      4%          1    #......

Inventory:

Hand Weapons
 a - a +0 dagger of protection (weapon)
 b - a +2 dagger
Armour
 i - a +1 robe (worn)
Jewellery
 h - a +4 ring of protection (left hand)
Scrolls
 e - a scroll of remove curse
 g - a scroll of amnesia {unknown}
 j - 2 scrolls of enchant armour
Books
 c - a book of Maledictions

   Spells                             Type                      Level
   a - Corona                         Hexes                        1
   b - Ensorcelled Hibernation        Hexes/Ice                    2
   c - Confuse                        Hexes                        3
   d - Tukima's Dance                 Hexes                        3
   e - Dazzling Spray                 Conjuration/Hexes            3
Comestibles
 d - a bread ration


Message History

You bump into the stone wall.
You feel sick.
You feel less confused.
* * * LOW HITPOINT WARNING * * *
You feel sick.
Eat which item? (? for menu, Esc to quit)
Okay, then.
Found a pair of boots.
You see here 13 gold pieces.
* * * LOW HITPOINT WARNING * * *
You feel sick.
Autopickup is now off.
Autopickup is now on.
A bat comes into view.
* * * LOW HITPOINT WARNING * * *
You feel sick.
* * * LOW HITPOINT WARNING * * *
You feel sick.
You open the door.
There is an open door here.
You die...

#..... ##.....
#...... #.....#
#.....#
#.....#####
#......@..#
#......##.#
####'#.# ..
#.#.# ## #.#..
### #.##### ...
#.#...# ....
##.#.#.# .#
.....+......##.#


There were no monsters in sight!

Vanquished Creatures
  Jessica (D:2)
  A giant cockroach (D:2)
  A goblin (D:1)
  A hobgoblin (D:1)
  A ball python (D:1)
  A bat (D:1)
  4 giant newts
  3 kobolds
  3 rats (D:1)
16 creatures vanquished.

Notes
Turn   | Place    | Note
--------------------------------------------------------------
     0 | D:1      | Homage the Spriggan Enchanter began the quest for the Orb.
     0 | D:1      | Reached XP level 1. HP: 9/9 MP: 5/5
   410 | D:1      | Reached skill level 5 in Stealth
   826 | D:1      | Reached XP level 2. HP: 13/13 MP: 6/6
  1200 | D:2      | Noticed Jessica
  1202 | D:2      | Killed Jessica
  1202 | D:2      | Reached skill level 6 in Stealth
  1202 | D:2      | Reached XP level 3. HP: 16/16 MP: 8/8
  1235 | D:2      | Found an oddly glowing altar of Pakellas.
  1298 | D:2      | Learned a level 3 spell: Confuse
  1301 | D:2      | Learned a level 2 spell: Ensorcelled Hibernation
  1310 | D:2      | Noticed Sigmund
  1349 | D:3      | HP: 3/16 [poisoned by Sigmund]
  1355 | D:3      | HP: 2/16 [poisoned by Sigmund]
  1362 | D:3      | HP: 1/16 [poisoned by Sigmund]
  1368 | D:3      | Succumbed to Sigmund's poison

Vault maps used:
D:1:      noname_arrival_rooms_in_the_neighbourhood
D:2:      first_bread, grunt_pakellas_sulfur, uniq_jessica, uniq_sigmund
D:3:      minivault_26, uniq_natasha

Action                   || total
-------------------------++-------
Melee: Dagger            ||    67
  Use: Potion            ||     3
       Scroll            ||     3
 Stab: Sleeping          ||     8
       Distracted        ||     1
Armor: Robe              ||     5
       Skin              ||     7
Dodge: Dodged            ||    27
